 Dungeon Crawl Stone Soup version 0.29-a0-653-gd47aff6735 (webtiles) character file.

Game seed: 18325163053425070923

46 Rocko1345 the Ducker (level 3, -1/26 HPs)
             Began as a Human Wanderer on June 21, 2022.
             Was a Follower of Fedhas.
             Slain by a gnoll
             ... wielding a +0 whip
              (4 damage)
             ... on level 2 of the Dungeon.
             The game lasted 00:05:49 (962 turns).

Rocko1345 the Ducker (Human Wanderer)                Turns: 962, Time: 00:05:50

Health: -1/26      AC:  3    Str:  8    XL:     3   Next: 95%
Magic:  3/3        EV: 14    Int: 12    God:    Fedhas [*.....]
Gold:   101        SH:  0    Dex: 18    Spells: 2/2 levels left

rFire   . . .      SeeInvis .   a - +0 mace
rCold   . . .      Faith    .   (no shield)
rNeg    . . .      Spirit   .   c - +0 leather armour
rPois   .          Reflect  .   (no helmet)
rElec   .          Harm     .   (no cloak)
rCorr   .          Rampage  .   (no gloves)
Will    .....                   (no boots)
Stlth   +.........              (no amulet)
HPRegen 0.08/turn               (no ring)
MPRegen 0.08/turn               (no ring)

@: brilliant, flying
A: no striking features
a: Renounce Religion


You were on level 2 of the Dungeon.
You worshipped Fedhas.
Fedhas was aware of your devotion.
You visited 1 branch of the dungeon, and saw 2 of its levels.

You collected 101 gold pieces.

Inventory:

Hand Weapons
 a - a +0 mace (weapon)
 b - a +2 hunting sling of flaming
Missiles
 g - 2 throwing nets (quivered)
 p - 7 stones
Armour
 c - a +0 leather armour (worn)
Scrolls
 e - a scroll of fog
 f - 2 scrolls of identify {unknown}
 h - 3 scrolls of enchant armour {unknown}
 i - a scroll of summoning {unknown}
 m - a scroll of vulnerability {unknown}
 o - a scroll of immolation {unknown}
Potions
 d - 2 potions of attraction
 k - a potion of might {unknown}
 l - a potion of brilliance
 n - a potion of haste {unknown}


   Skills:
 + Level 1.1 Fighting
 + Level 2.1 Maces & Flails
 * Level 1.1 Slings
 + Level 1.1 Armour
 + Level 5.6 Dodging
 + Level 0.5 Unarmed Combat
 + Level 1.0 Invocations


You had 2 spell levels left.
You didn't know any spells.
Your spell library contained the following spells:

 Spells                   Type           Power      Damage    Failure   Level
 Dazzling Flash           Conj/Hex       0%         N/A       80%         3
 Agony                    Necr           0%         N/A       100%        5
 Silence                  Hex/Air        0%         N/A       100%        5


Dungeon Overview and Level Annotations

Branches:
Dungeon (2/15)

Altars:
Fedhas


Message History

The gnoll is moderately wounded.
The gnoll hits you with a +0 whip.
You hit the gnoll.
The gnoll is heavily wounded.
The gnoll barely misses you.
You hit the gnoll.
The gnoll is severely wounded.
The gnoll barely misses you.
You barely miss the gnoll.
The gnoll is severely wounded.
The gnoll closely misses you. The gnoll hits you with a +0 whip.
You hit the gnoll.
The gnoll is almost dead.
The gnoll hits you with a +0 whip.
* * * LOW HITPOINT WARNING * * *
You closely miss the gnoll.
The gnoll is almost dead.
The gnoll misses you.
You hit the gnoll.
You kill the gnoll!
Fedhas appreciates your contribution to the ecosystem.
The gnoll closely misses you.
Your Slings skill increases to level 1!
The gnoll throws a stone.
The stone completely misses you.
It was a potion of flight.
You feel very buoyant.
You fly up into the air.
You hit the gnoll.
The gnoll is moderately wounded.
The gnoll hits you with a +0 whip.
* * * LOW HITPOINT WARNING * * *
You hit the gnoll.
The gnoll is severely wounded.
The gnoll hits you with a +0 whip.
* * * LOW HITPOINT WARNING * * *
You hit the gnoll.
The gnoll is almost dead.
The gnoll barely misses you. The gnoll hits you with a +0 whip.
You die...
Fedhas appreciates your contribution to the ecosystem.

#######.#
#.......## ##
#........# ... .#
##†<.##.... ...
#.......... #..
#....##....
#...#....# ...
#....)...########
###...†....gJg@.#
##......#####.#
#.......# .#
#.......# ..
#.##.#..# ..# #.
#.†..# ..# ..
###... ... #.
...## ###


You could see 2 gnolls and an endoplasm.

Vanquished Creatures
  2 gnolls (D:2)
  A dart slug (D:1)
  3 ball pythons
  10 bats
  A hobgoblin (D:1)
  2 jackals
  A kobold (D:1)
  A frilled lizard (D:1)
  4 rats
25 creatures vanquished.

Notes
Turn   | Place    | Note
-------+----------+-------------------------------------------
     0 | D:1      | Rocko1345 the Human Wanderer began the quest for the Orb.
     0 | D:1      | Rocko1345 set off with the following items: a +0 mace, 2
                  | throwing nets, a +0 leather armour, a potion of attraction,
                  | a scroll of fog.
     0 | D:1      | Reached XP level 1. HP: 15/15 MP: 1/1
   272 | D:1      | Reached XP level 2. HP: 18/21 MP: 2/2
   378 | D:1      | Found a faded altar of an unknown god.
   398 | D:1      | Prayed at the altar of an unknown god.
   398 | D:1      | Became a worshipper of Fedhas Madash
   398 | D:1      | Reached * piety under Fedhas
   739 | D:1      | Reached XP level 3. HP: 25/26 MP: 3/3
   957 | D:2      | Reached skill level 1 in Slings
   962 | D:2      | Slain by a gnoll

Illustrated notes

Levels and vault maps discovered:
D:1:      lightli_arrival_chessboard, layout_basic,
          hellmonk_ecumenical_altar_crossroads, grunt_decor_cap
D:2:      layout_loops_cross

Skill      XL: |  1  2  3 |
---------------+----------+-----
Slings         | 1 |  1.1
Fighting       | |  1.1
Maces & Flails | |  2.1
Armour         | |  1.1
Dodging        | |  5.6
Unarmed Combat | |  0.5
Invocations    | |  1.0

Action                   || total
-------------------------++-------
Melee: Mace              ||    83
       Punch             ||     1
 Fire: Hunting sling     ||     9
Throw: Throwing net      ||     2
  Use: Potion            ||     2
Armor: Leather armour    ||    58
Dodge: Dodged            ||   137

Table legend: (Time is in decaauts)
 A = Elapsed time spent in this place.
 B = Non-inter-level travel time spent in this place.
 C = Inter-level travel time spent in this place.
 D = Time resting spent in this place.
 E = Time spent auto-exploring this place.
 F = Levels seen in this place.
 G = Mean time per level.
                   A        B        C        D        E       F      G
               +--------+--------+--------+--------+--------+-----+--------+
         Total |    989 |    969 |     20 |    111 |    550 |   2 |  494.5 |
       Dungeon |    989 |    969 |     20 |    111 |    550 |   2 |  494.5 |
               +--------+--------+--------+--------+--------+-----+--------+

Top non-repeatable levels by time:
     D:1: 903 daAuts
     D:2: 86 daAuts
